 Dungeon Crawl Stone Soup version 0.23.2-1-ga50397a (webtiles) character file.

Game seed: 4584397591097766

13783 sankara the Covert (level 11, -6/100 HPs)
             Began as a Deep Dwarf Necromancer on May 1, 2019.
             Was a Priest of Makhleb.
             Mangled by a spiny frog (17 damage)
             ... on level 3 of the Lair of Beasts on May 2, 2019.
             The game lasted 03:57:11 (14649 turns).

sankara the Covert (Deep Dwarf Necromancer)        Turns: 14649, Time: 03:57:11

Health: -6/100     AC:  3    Str: 16    XL:     11   Next: 80%
Magic:  10/19      EV: 16    Int: 18    God:    Makhleb [***...]
Gold:   413        SH:  0    Dex: 13    Spells: 14/23 levels left

rFire    . . .     SeeInvis .   a - +1 short sword (drain)
rCold    . . .     Gourm    .   (no shield)
rNeg     . . .     Faith    .   x - +0 robe
rPois    .         Spirit   .   n - +1 hat
rElec    .         Reflect  .   (no cloak)
rCorr    .         Harm     .   (no gloves)
MR       +....                  (no boots)
Stlth    ++++......             v - amulet of magic regeneration
HPRegen  0.00/turn              w - +3 ring of strength
MPRegen  0.41/turn              (no ring)

@: lethally poisoned (-6 -> -6), non-regenerating
A: damage resistance, heal wounds, sense surroundings 2, no regeneration
a: Heal Wounds, Minor Destruction, Lesser Servant of Makhleb, Renounce Religion


You were on level 3 of the Lair of Beasts.
You worshipped Makhleb.
Makhleb was most pleased with you.
You were near starving.

You visited 3 branches of the dungeon, and saw 13 of its levels.

You collected 721 gold pieces.
You spent 308 gold pieces at shops.

Inventory:

Hand Weapons
 a - a +1 short sword of draining (weapon)
   (You found it on level 3 of the Dungeon)
 b - a +2 halberd of venom
   (You took it off a gnoll on level 4 of the Dungeon)
 j - a +0 hunting sling
   (You found it on level 1 of the Dungeon)
 R - a +0 rapier
   (You found it on level 3 of the Lair of Beasts)
Missiles
 g - 382 stones
 p - 5 tomahawks (quivered)
 y - 2 throwing nets {=f, !d}
 J - 2 steel tomahawks
Armour
 n - a +1 hat (worn)
   (You found it on level 2 of the Dungeon)
 x - a +0 robe (worn)
 E - a +0 buckler
   (You took it off a gnoll sergeant on level 5 of the Dungeon)
Magical Staves
 s - an uncursed staff of conjuration {!a}
   (You found it on level 3 of the Dungeon)
Jewellery
 v - an amulet of magic regeneration (around neck)
   (You found it on level 6 of the Dungeon)
 w - a +3 ring of strength (left hand)
   (You found it on level 7 of the Dungeon)
 C - an uncursed amulet of rage {unknown}
   (You found it on level 7 of the Dungeon)
Wands
 i - a wand of flame (3)
   (You found it on level 6 of the Dungeon)
 q - a wand of digging (3)
   (You took it off Ijyb on level 3 of the Dungeon)
 B - a wand of random effects (35)
   (You took it off Duvessa on level 5 of the Dungeon)
 I - a wand of disintegration (8)
   (You found it on level 6 of the Dungeon)
 P - a wand of paralysis (6)
   (You found it on level 2 of the Lair of Beasts)
Scrolls
 d - a scroll of amnesia {unknown}
 h - 9 scrolls of teleportation
 m - a scroll of magic mapping {unknown}
 o - 3 scrolls of immolation {unknown}
 r - 2 scrolls of enchant weapon {unknown}
 t - a scroll of fog {unknown}
 F - 6 scrolls of remove curse
 H - a scroll of summoning {unknown}
 M - a scroll of identify
 O - a scroll of fear {unknown}
 Q - a scroll of blinking {unknown}
Potions
 e - a potion of flight
 f - a potion of magic
 k - 6 potions of haste
 l - 7 potions of curing
 u - 2 potions of lignification {!q}
 z - 4 potions of might
 A - a potion of agility
 D - 2 potions of resistance
 G - 3 potions of heal wounds
 K - a potion of cancellation
 L - a potion of invisibility
 N - a potion of berserk rage {!q}
Comestibles
 c - 16 rations


   Skills:
 + Level 7.2 Fighting
 + Level 2.6 Short Blades
 + Level 7.3 Dodging
 + Level 10.2 Stealth
 - Level 4.0 Shields
 + Level 6.6 Spellcasting
 + Level 10.1 Necromancy
 - Level 7.3 Invocations
 + Level 6.5 Evocations


You had 14 spell levels left.
You knew the following spells:

 Your Spells              Type           Power        Failure   Level  Hunger
a - Pain                  Necr           ####         1%          1    None
b - Animate Skeleton      Necr           N/A          1%          1    None
c - Vampiric Draining     Necr           #####.....   1%          3    ##.....
d - Animate Dead          Necr           N/A          1%          4    ####...

Your spell library contained the following spells:

 Spells                   Type           Power        Failure   Level  Hunger
 Flame Tongue             Conj/Fire      #....        12%         1    None
 Infusion                 Chrm           #...         12%         1    None
 Shock                    Conj/Air       #...         12%         1    None
 Shroud of Golubria       Chrm/Tloc      #.........   17%         2    None
 Song of Slaying          Chrm           #.......     17%         2    None
 Swiftness                Chrm/Air       #.......     17%         2    None
 Throw Flame              Conj/Fire      #.....       17%         2    None
 Conjure Flame            Conj/Fire      #.......     34%         3    ##.....
 Inner Flame              Hex/Fire       #.......     34%         3    ##.....
 Spectral Weapon          Hex/Chrm       #.......     34%         3    ##.....
 Static Discharge         Conj/Air       #.......     34%         3    ##.....
 Airstrike                Air            #.........   75%         4    ####...
 Sticky Flame             Conj/Fire      #.......     75%         4    ####...
 Fireball                 Conj/Fire      #.........   97%         5    #####..
 Lightning Bolt           Conj/Air       #.........   97%         5    #####..
 Regeneration             Chrm/Necr      Unusable     N/A         3    N/A

Dungeon Overview and Level Annotations

Branches:
Dungeon (9/15)             Temple (1/1) D:4            Lair (3/6) D:9
 Spider (0/4) Lair:3
  Swamp: Lair:2-4    Shoals: Lair:2-4       Orc: D:9-12

Altars:
Ashenzari
Cheibriados
Dithmenos
Elyvilon
Fedhas
Gozag
Hepliaklqana
Kikubaaqudgha
Makhleb
Nemelex Xobeh
Okawaru
Qazlal
Ru
Sif Muna
Trog
Uskayaw
Vehumet
Wu Jian
Xom
Yredelemnul
Zin
The Shining One

Shops:
D:4 *   D:9 ![%}(


Innate Abilities, Weirdness & Mutations

You are resistant to damage.
You can heal yourself by infusing magical energy.
You passively map the area around you.
You do not regenerate.


Message History

Aiming: Vampiric Draining (safe; 1% risk of failure)
Press: ? - help, Shift-Dir - straight line, f/p - black mamba
Aim: a black mamba (heavily wounded)
The black mamba is severely wounded.
You feel life coursing into your body.
You are near starving!
The black mamba bites you!
* * * LOW HITPOINT WARNING * * *
The black mamba bites you!
* * * LOW HITPOINT WARNING * * *
Your neqoxec hits the black mamba!
The black mamba dies!
Makhleb accepts your kill.
Unknown command.
You feel much better.
Okay, then.
You swap places.
You see here a black mamba corpse.
You start resting.
Your iron imp disappears in a puff of smoke!
Magic restored.
Casting: Vampiric Draining (safe; 1% risk of failure)
Confirm with . or Enter, or press ? or * to list all spells.
You call on the dead to rise...
The dead are slithering!
Your neqoxec disappears in a puff of smoke!
Your iron imp disappears in a puff of smoke!
Your quasit disappears in a puff of smoke!
A crocodile comes into view.
A spiny frog comes into view.
What are your orders? t - Shout!
Orders for allies: a - Attack new target. r - Retreat! s - Stop attacking. g - Guard the area. f - Follow me.
Anything else - Cancel.
Okay, then.
A crocodile and a blink frog come into view.
A spiny frog comes into view.
The blink frog croaks.
The crocodile bites you!
* * * LOW HITPOINT WARNING * * *
Unknown command.
Casting: Animate Dead (safe; 1% risk of failure)
Confirm with . or Enter, or press ? or * to list all spells.
Aiming: Vampiric Draining (safe; 1% risk of failure)
Press: ? - help, Shift-Dir - straight line, f - crocodile
Aim: a crocodile The crocodile is heavily wounded.
You feel life coursing into your body.
The blink frog blinks!
The crocodile closely misses you. The crocodile bites you!
* * * LOW HITPOINT WARNING * * *
Something stings your black mamba zombie!
The crocodile bites your black mamba zombie!
The crocodile misses your black mamba zombie.
Your black mamba zombie bites the crocodile!
The spiny frog stings you.
Casting: Vampiric Draining (safe; 1% risk of failure)
Confirm with . or Enter, or press ? or * to list all spells.
Aiming: Vampiric Draining (safe; 1% risk of failure)
Press: ? - help, Shift-Dir - straight line, f - spiny frog, p - crocodile
Aim: a spiny frog The spiny frog is moderately wounded.
You feel life coursing into your body.
Something stings your black mamba zombie!
Your black mamba zombie bites the crocodile!
The crocodile dies!
Makhleb accepts your kill.
The crocodile bites your black mamba zombie.
The spiny frog closely misses you.
Something completely misses your black mamba zombie.
Your black mamba zombie misses the crocodile.
Casting: Vampiric Draining (safe; 1% risk of failure)
Confirm with . or Enter, or press ? or * to list all spells.
Aiming: Vampiric Draining (safe; 1% risk of failure)
Press: ? - help, Shift-Dir - straight line, f/p - spiny frog
Aim: a spiny frog (moderately wounded)
The spiny frog is heavily wounded.
You feel life coursing into your body.
Your black mamba zombie barely misses the crocodile.
The crocodile closely misses your black mamba zombie.
The spiny frog barely misses you.
Something closely misses your black mamba zombie.
Casting: Vampiric Draining (safe; 1% risk of failure)
Confirm with . or Enter, or press ? or * to list all spells.
Aiming: Vampiric Draining (safe; 1% risk of failure)
Press: ? - help, Shift-Dir - straight line, f/p - spiny frog
Aim: a spiny frog (heavily wounded)
The spiny frog is severely wounded.
You feel life coursing into your body.
Your black mamba zombie bites the crocodile!
The spiny frog stings you!!
* * * LOW HITPOINT WARNING * * *
You are poisoned.
The spiny frog poisons you!
The crocodile bites your black mamba zombie!
Your black mamba zombie is destroyed!
Okay, then.
You feel sick. The spiny frog misses you.
You feel sick. The spiny frog stings you!!
You die...

, , .# , * , , ..... * , ,,
, ###...# * , ,....P# * ,##
*##...# * , ,#.####....#
#...#....## #†..##....##
*#.##@.P...## *
#.tF...P...### ,
##.F...###.#.# ....##..##
#..## * #... #### ##..###
#.## ##...## #. ##...# #*
#.#..##
#####################..####


You could see 2 spiny frogs and a crocodile.

Vanquished Creatures
  A black mamba (Lair:2)
  A spiny frog (Lair:1)
  A komodo dragon (Lair:2)
  2 jumping spiders (Lair:3)
  A hornet (D:9)
  Prince Ribbit (D:7)
  3 hippogriffs
  4 blink frogs (Lair:1)
  2 redbacks (Lair:3)
  7 yaks (Lair:2)
  2 basilisks (Lair:2)
  2 water moccasins
  3 porcupines
  Duvessa (D:5)
  A sky beast (D:6)
  3 ice beasts
  A necrophage (D:6)
  13 wolves
  8 ogres
  An orc warrior (D:7)
  A phantom (D:9)
  4 centaurs
  4 crocodiles
  A gnoll sergeant (D:5)
  8 bullfrogs
  Dowan (D:5)
  3 scorpions
  4 killer bees (D:7)
  A howler monkey (D:4)
  3 lava snakes (Lair:1)
  2 crimson imps
  2 centaur zombies (D:6)
  2 hounds
  3 orc priests (D:7)
  A centaur skeleton (D:6)
  An iguana (D:6)
  4 orc wizards
  5 worker ants
  Ijyb (D:3)
  A mummy (D:6)
  6 gnolls
  13 adders
  An ooze (D:4)
  An adder zombie (D:6)
  3 worms
  2 dart slugs
  6 leopard geckos
  19 orcs
  3 giant cockroaches
  4 goblins
  5 hobgoblins
  15 jackals
  6 kobolds
  2 quokkas
  2 ball pythons
  5 bats
  5 frilled lizards
  A jackal skeleton (D:4)
  3 kobold zombies (D:6)
  An orc zombie (D:6)
  7 rats
220 creatures vanquished.

Vanquished Creatures (collateral kills)
  A two-headed ogre (D:8)
  An orange crystal statue (Lair:1)
  5 elephants (Lair:2)
  2 black mambas
  A komodo dragon (Lair:1)
  A rime drake (Lair:1)
  A jumping spider (Lair:3)
  A blink frog (Lair:1)
  A wyvern (Lair:2)
  5 yaks (Lair:1)
  A basilisk (Lair:1)
  2 porcupines
  An orc warrior (D:8)
  An ice beast (D:5)
  2 crocodiles
  2 bullfrog skeletons
  An orc wizard (D:8)
  An adder (D:7)
  A gnoll (D:5)
  A leopard gecko (D:4)
  2 orcs
  A kobold (D:1)
  2 leopard gecko skeletons
  A leopard gecko zombie (D:8)
  A quokka zombie (D:5)
  2 rats
  A fungus (Lair:1)
42 creatures vanquished.

Vanquished Creatures (others)
  A fungus (Lair:1)
1 creature vanquished.

Grand Total: 263 creatures vanquished

Notes
Turn   | Place    | Note
-------+----------+-------------------------------------------
     0 | D:1      | sankara the Deep Dwarf Necromancer began the quest for the
                  | Orb.
     0 | D:1      | Reached XP level 1. HP: 15/15 MP: 3/3
     2 | D:1      | Learned a level 1 spell: Animate Skeleton
   143 | D:1      | Reached XP level 2. HP: 22/22 MP: 0/4
   406 | D:1      | Reached skill level 2 in Spellcasting
   833 | D:2      | Reached skill level 3 in Stealth
   844 | D:1      | Reached skill level 5 in Necromancy
  1014 | D:2      | Reached XP level 3. HP: 26/28 MP: 1/6
  1019 | D:2      | Learned a level 3 spell: Vampiric Draining
  1134 | D:2      | Found a sparkling altar of Nemelex Xobeh.
  1428 | D:2      | Found a deep blue altar of Sif Muna.
  1520 | D:2      | Reached XP level 4. HP: 26/36 MP: 0/7
  1809 | D:3      | Found a bloodstained altar of Trog.
  1961 | D:3      | Noticed Ijyb
  1966 | D:3      | Killed Ijyb
  2236 | D:3      | Reached XP level 5. HP: 38/42 MP: 1/8
  2311 | D:3      | Learned a level 4 spell: Animate Dead
  2491 | D:3      | Reached skill level 4 in Stealth
  2525 | D:3      | Reached skill level 6 in Necromancy
  2695 | D:3      | Found a faded altar of an unknown god.
  3425 | D:4      | Reached XP level 6. HP: 45/50 MP: 4/10
  3606 | D:4      | Reached skill level 1 in Fighting
  3851 | D:4      | Found a staircase to the Ecumenical Temple.
  3856 | Temple   | Entered the Ecumenical Temple
  3989 | Temple   | Became a worshipper of Makhleb the Destroyer
  4363 | D:4      | Found Ymuily's Assorted Antiques.
  4371 | D:4      | Bought a brown potion for 18 gold pieces
  4371 | D:4      | Bought a scroll labeled QASTEMUAMI for 20 gold pieces
  4371 | D:4      | Bought a green potion for 18 gold pieces
  4371 | D:4      | Bought a scroll labeled AKOOSE OSIV for 20 gold pieces
  4371 | D:4      | Bought a scroll labeled QASTEMUAMI for 20 gold pieces
  4371 | D:4      | Bought a scroll labeled QASTEMUAMI for 20 gold pieces
  4838 | D:4      | Reached skill level 3 in Dodging
  4838 | D:4      | Reached skill level 3 in Spellcasting
  4922 | D:5      | Entered Level 5 of the Dungeon
  5033 | D:5      | Found a shimmering altar of Xom.
  5033 | D:5      | Noticed an angel
  5037 | D:5      | Found a glowing silver altar of Zin.
  5092 | D:5      | Noticed an ice beast
  5406 | D:5      | Reached skill level 5 in Stealth
  5406 | D:5      | Reached skill level 7 in Necromancy
  5406 | D:5      | Reached XP level 7. HP: 54/58 MP: 1/11
  5558 | D:5      | Noticed Prince Ribbit
  5588 | D:5      | Reached skill level 2 in Fighting
  5859 | D:5      | Noticed Duvessa
  5859 | D:5      | Noticed Dowan
  6411 | D:5      | Reached skill level 1 in Shields
  6544 | D:5      | Killed Duvessa
  6563 | D:5      | Killed Dowan
  6563 | D:5      | Reached skill level 6 in Stealth
  6816 | D:6      | Found an ornate altar of the Wu Jian Council.
  6892 | D:6      | Found a stormy altar of Qazlal.
  7139 | D:6      | Reached skill level 2 in Shields
  7139 | D:6      | Reached XP level 8. HP: 54/68 MP: 6/13
  7243 | D:6      | Reached skill level 3 in Fighting
  7245 | D:6      | Reached skill level 1 in Short Blades
  7260 | D:6      | Found a glowing golden altar of the Shining One.
  7262 | D:6      | Noticed an angel
  7340 | D:6      | Found a basalt altar of Yredelemnul.
  7342 | D:6      | Noticed a profane servitor
  7391 | D:6      | Reached skill level 8 in Necromancy
  7545 | D:6      | Reached skill level 1 in Evocations
  7758 | D:6      | Reached * piety under Makhleb
  7816 | D:6      | Reached skill level 3 in Shields
  8060 | D:7      | Reached skill level 4 in Spellcasting
  8205 | D:7      | Noticed a hippogriff
  8213 | D:7      | HP: 13/68 [centaur/arrow (10)]
  8218 | D:7      | HP: 22/103 [centaur (3)]
  8219 | D:7      | Reached skill level 2 in Short Blades
  8219 | D:7      | Reached skill level 2 in Evocations
  8223 | D:7      | HP: 17/103 [hippogriff (1)]
  8226 | D:7      | Killed a hippogriff
  8226 | D:7      | Reached skill level 7 in Stealth
  8269 | D:7      | Reached skill level 3 in Evocations
  8269 | D:7      | Gained mutation: You passively map the area around you.
                  | [Deep Dwarf growth]
  8269 | D:7      | Reached XP level 9. HP: 45/75 MP: 5/14
  8607 | D:7      | Reached skill level 4 in Evocations
  8644 | D:7      | Reached skill level 9 in Necromancy
  8656 | D:7      | Reached skill level 8 in Stealth
  8712 | D:7      | Killed Prince Ribbit
  8877 | D:7      | Reached skill level 5 in Spellcasting
  9174 | D:7      | Found a blossoming altar of Fedhas.
  9174 | D:7      | Found a shadowy altar of Dithmenos.
  9642 | D:8      | Noticed a two-headed ogre
  9755 | D:8      | Killed a two-headed ogre
  9755 | D:8      | Reached skill level 9 in Stealth
  9819 | D:8      | HP: 18/75 [orc warrior/stone (3)]
  9820 | D:8      | HP: 8/75 [orc warrior/stone (10)]
  9823 | D:8      | Reached ** piety under Makhleb
  9827 | D:8      | HP: 7/75 [orc/+0 trident (1)]
  9918 | D:8      | Found an ancient bone altar of Kikubaaqudgha.
 10046 | D:8      | Found a sacrificial altar of Ru.
 10055 | D:8      | Reached XP level 10. HP: 45/84 MP: 9/17
 10464 | D:9      | Found Ohoimaf's Weapon Shoppe.
 10557 | D:9      | Reached skill level 4 in Shields
 10557 | D:9      | Reached skill level 1 in Invocations
 10586 | D:9      | Found Worikhai's Gadget Shoppe.
 10630 | D:9      | Found Ushroud's Distillery.
 10644 | D:9      | Bought a potion of curing for 48 gold pieces
 10644 | D:9      | Bought a potion of heal wounds for 80 gold pieces
 10644 | D:9      | Bought a potion of degeneration for 16 gold pieces
 10644 | D:9      | Bought a potion of curing for 48 gold pieces
 10680 | D:9      | Found a shattered altar of Ashenzari.
 10717 | D:9      | Found an opulent altar of Gozag.
 10782 | D:9      | Found a staircase to the Lair.
 10842 | D:9      | Reached skill level 10 in Necromancy
 11028 | D:9      | Found Pecse's Food Shoppe.
 11045 | D:9      | Found Taen's Antique Armour Shop.
 11283 | D:9      | Reached skill level 2 in Invocations
 11384 | Lair:1   | Entered Level 1 of the Lair of Beasts
 11395 | D:9      | Reached skill level 6 in Spellcasting
 11449 | Lair:1   | HP: 19/84 [wolf (4)]
 11459 | D:9      | Reached skill level 3 in Invocations
 11606 | Lair:1   | Reached skill level 4 in Dodging
 11606 | Lair:1   | Reached skill level 10 in Stealth
 11606 | Lair:1   | Reached skill level 4 in Invocations
 11606 | Lair:1   | Reached skill level 5 in Evocations
 11702 | Lair:1   | Reached skill level 4 in Fighting
 11702 | Lair:1   | Reached skill level 5 in Invocations
 11828 | Lair:1   | Reached *** piety under Makhleb
 12038 | Lair:1   | Noticed a spiny frog
 12049 | Lair:1   | Killed a spiny frog
 12049 | Lair:1   | Reached skill level 6 in Invocations
 12049 | Lair:1   | Reached skill level 6 in Evocations
 12138 | Lair:1   | Noticed an orange crystal statue
 12198 | Lair:1   | HP: 17/87 [water moccasin[an orange crystal statue] (8)]
 12202 | Lair:1   | HP: 8/87 [water moccasin[an orange crystal statue] (1)]
 12268 | Lair:1   | Killed an orange crystal statue
 12268 | Lair:1   | Reached skill level 5 in Dodging
 12268 | Lair:1   | Reached XP level 11. HP: 34/93 MP: 0/19
 12715 | Lair:2   | Reached skill level 7 in Invocations
 12729 | Lair:2   | Reached skill level 5 in Fighting
 12745 | Lair:2   | Reached skill level 6 in Dodging
 12939 | Lair:2   | HP: 23/96 [wolf (7)]
 12951 | Lair:2   | HP: 21/96 [wolf (6)]
 12959 | Lair:2   | HP: 24/96 [wolf (3)]
 13290 | Lair:2   | Reached skill level 6 in Fighting
 13383 | Lair:2   | Reached skill level 7 in Dodging
 13466 | Lair:2   | Reached skill level 7 in Fighting
 14432 | Lair:3   | HP: 24/100 [poisoned by a redback]
 14490 | Lair:3   | Found a hole to the Spider Nest.
 14565 | Lair:3   | HP: 19/100 [jumping spider (4)]
 14611 | Lair:3   | HP: 22/100 [black mamba (10)]
 14612 | Lair:3   | HP: 9/100 [black mamba (6)]
 14642 | Lair:3   | HP: 22/100 [crocodile (9)]
 14647 | Lair:3   | HP: 14/100 [spiny frog (17)]
 14649 | Lair:3   | Mangled by a spiny frog

Skill      XL: |  1  2  3  4  5  6  7  8  9 10 11 |
---------------+----------------------------------+-----
Spellcasting   | 2 3 4 5 6 |  6.6
Stealth        | 3 4 5 6 7 9 10 | 10.2
Necromancy     | 5 6 7 8 9 10 | 10.1
Fighting       | 1 2 3 4 7 |  7.2
Dodging        | 3 5 7 |  7.3
Shields        | 2 3 4 |  4.0
Short Blades   | 2 |  2.6
Evocations     | 3 4 6 |  6.5
Invocations    | 6 7 |  7.3

Action                   |  1- 3 |  4- 6 |  7- 9 | 10-12 || total
-------------------------+-------+-------+-------+-------++-------
Melee: Short sword       |     5 |     1 |    56 |   130 ||   192
       Dagger            |       |     4 |     9 |       ||    13
       Halberd           |       |       |    23 |    14 ||    37
Throw: Stone             |       |     2 |       |       ||     2
       Tomahawk          |       |     7 |     8 |    12 ||    27
 Cast: Pain              |    59 |   103 |    69 |    98 ||   329
       Animate Skeleton  |    13 |    20 |    17 |    12 ||    62
       Vampiric Draining |     1 |    21 |    91 |   169 ||   282
       Animate Dead      |       |       |     8 |    20 ||    28
Invok: Minor Destruction |       |       |       |     7 ||     7
       Lesser Servant of |       |       |       |     2 ||     2
 Abil: Heal Wounds       |       |       |     1 |     1 ||     2
Evoke: Wand              |       |       |     5 |    18 ||    23
  Use: Scroll            |       |       |    13 |     3 ||    16
       Potion            |       |       |     3 |     4 ||     7
 Stab: Sleeping          |       |       |     3 |     1 ||     4
       Distracted        |       |       |     1 |     1 ||     2
  Eat: Chunk             |     3 |    11 |    16 |    22 ||    52
       Ration            |       |     1 |     2 |       ||     3
Armor: Robe              |     3 |     5 |    20 |    32 ||    60
       Skin              |       |       |       |    41 ||    41
Dodge: Dodged            |    20 |    36 |   107 |   280 ||   443

Levels and vault maps discovered:
D:1:      dpeg_arrival_houses_and_road, layout_loops_ring
D:2:      layout_rooms, nemelex_xobeh_ov_fountains_minmay, lemuel_doored_altar,
          first_ration
D:3:      layout_loops_cross, bloody_trog, chequers_ecumenical_altar_twisty,
          uniq_ijyb
D:4:      layout_layer_cave, minmay_temple_entry_wispy, serial_shops, shop
D:5:      layout_basic, grunt_temple_overflow_order_and_chaos_1,
          serial_bayou_ford_a, uniq_duvessa, uniq_prince_ribbit1
D:6:      minmay_razor_zed, layout_basic, grunt_temple_overflow_holy_war,
          lemuel_round_altar, nicolae_qazlal_eye_of_the_storm,
          minmay_mini_ossuary
D:7:      layout_layer_cave, gammafunk_temple_overflow_statue
D:8:      layout_layer_cave, kennysheep_mini_moat,
          nicolae_ru_great_annihilating_truth
D:9:      layout_irregular_city, lemuel_coloured_pillars_altar,
          lair_entry_dummy, serial_shops, shop, nicolae_shop_trees,
          nicolae_shop_waterfront, nicolae_shop_behind_doors, shop, basic_altar
Temple:   nicolae_temple_figure_zero
Lair:1:   layout_regular_city, disabler_island
Lair:2:   layout_cave_pods
Lair:3:   layout_cave_pods, nicolae_spider_entry_tight_spaces,
          beast_lair_carwin_7

Table legend:
 A = Turns spent in this place as a percentage of turns spent in the entire game.
 B = Non-inter-level travel turns spent in this place as a percentage of non-inter-level travel turns spent in the entire game.
 C = Inter-level travel turns spent in this place as a percentage of turns spent in this place.
 D = Turns resting spent in this place as a percentage of non-inter-level travel turns spent in this place.
 E = Turns spent auto-exploring this place as a percentage of non-inter-level travel turns spent in this place.
 F = Non-inter-level travel turns spent in this place divided by the number of levels of this place that you've seen.
                   A       B       C       D       E      F
               +-------+-------+-------+-------+-------+----------------------
         Total | 100.0 | 100.0 |   6.9 |  26.2 |  52.1 | 1049.3
       Dungeon |  77.5 |  77.0 |   7.5 |  28.1 |  51.3 | 1166.9
        Temple |   1.0 |   0.9 |  19.0 |   0.0 |  94.1 | 119.0
          Lair |  21.5 |  22.1 |   3.9 |  20.7 |  53.4 | 1006.7
               +-------+-------+-------+-------+-------+----------------------

Table legend:
 A = Kills in this place as a percentage of kills in entire the game.
 B = Kills by you in this place as a percentage of kills by you in the entire game.
 C = Kills by friends in this place as a percentage of kills by friends in the entire game.
 D = Other kills in this place as a percentage of other kills in the entire game.
 E = Experience gained in this place as a percentage of experience gained in the entire game.
 F = Experience gained in this place divided by the number of levels of this place that you have seen.
                   A       B       C       D       E      F
               +-------+-------+-------+-------+-------+----------------------
         Total | 100.0 | 100.0 | 100.0 |   N/A | 100.0 | 1514.6
       Dungeon |  74.7 |  80.5 |  43.9 |   N/A |  37.3 | 816.4
          Lair |  25.3 |  19.5 |  56.1 |   N/A |  62.7 | 4114.0
               +-------+-------+-------+-------+-------+----------------------
